 Dungeon Crawl Stone Soup version 0.19.1 (webtiles) character file.

167 lorenzova the Conjurer (level 5, 0/28 HPs)
             Began as a Deep Elf Conjurer on Nov 30, 2016.
             Slain by a troll (6 damage)
             ... on level 4 of the Dungeon.
             The game lasted 00:04:55 (2658 turns).

lorenzova the Conjurer (Deep Elf Conjurer)          Turns: 2658, Time: 00:04:56

Health: 0/28       AC:  2    Str:  5    XL:     5   Next: 23%
Magic:  4/15       EV: 13    Int: 21    God:
Gold:   153        SH:  0    Dex: 15    Spells: 2 memorised, 10 levels left

rFire  . . .     SeeInvis +     t - +0 hand axe
rCold  . . .     Gourm    .     a - +0 robe
rNeg   . . .     Faith    .     (no shield)
rPois  .         Spirit   .     (no helmet)
rElec  .         Reflect  .     (no cloak)
rCorr  .         Harm     +     (no gloves)
MR     .....                    (no boots)
Stlth  ++........               g - amulet of harm
                                (no ring)
                                d - ring of see invisible

@: very slightly contaminated
A: no striking features
a: no special abilities


You were on level 4 of the Dungeon.
You were near starving.

You visited 1 branch of the dungeon, and saw 4 of its levels.

You collected 153 gold pieces.

Inventory:

Hand Weapons
 t - a +0 hand axe (weapon)
Armour
 a - a +0 robe (worn)
Jewellery
 d - a ring of see invisible (left hand)
 g - an amulet of harm (around neck)
 y - an uncursed ring of protection from cold {unknown}
Scrolls
 i - a scroll of enchant armour {unknown}
 m - 2 scrolls of identify {unknown}
 n - a scroll of fear {unknown}
 p - a scroll of magic mapping {unknown}
 s - a scroll of remove curse {unknown}
 w - a scroll of fog {unknown}
Potions
 e - 2 potions of brilliance {unknown}
 h - 2 potions of degeneration {unknown}
 j - a potion of might {unknown}
 k - a potion of berserk rage {unknown}
 l - 2 potions of curing {unknown}
 q - a potion of haste {unknown}
 u - a potion of agility {unknown}
 x - a potion of cure mutation {unknown}
Books
 b - a book of Conjurations

   Spells                             Type                      Level
   a - Magic Dart                     Conjuration                  1
   b - Searing Ray                    Conjuration                  2
   c - Dazzling Spray                 Conjuration/Hexes            3
   d - Fulminant Prism                Conjuration/Hexes            4
   e - Iskenderun's Mystic Blast      Conjuration                  4
   f - Iskenderun's Battlesphere      Conjuration/Charms           5
Comestibles
 c - 2 bread rations
 f - 2 beef jerkies
 o - 3 meat rations
 v - a slice of pizza


   Skills:
 - Level 2.4 Dodging
 - Level 2.4 Stealth
 + Level 5.5 Spellcasting
 + Level 6.0 Conjurations


You had 10 spell levels left.
You knew the following spells:

 Your Spells              Type           Power        Failure   Level  Hunger
a - Magic Dart            Conj           ####         1%          1    None
b - Iskenderun's Mystic   Conj           ####....     12%         4    ####...


Dungeon Overview and Level Annotations

Branches:
Dungeon (4/15)
 Temple: D:4-7

Altars:

Annotations:
D:2 Sigmund, Terence


Message History

Confirm with . or Enter, or press ? or * to list all spells.
Aiming: Iskenderun's Mystic Blast
Press: ? - help, Shift-Dir - straight line, f/p - troll
Aim: a troll You miscast Iskenderun's Mystic Blast.
Wisps of smoke drift from your hands.
You are near starving!
The troll closely misses you. The troll claws you!
* * * LOW HITPOINT WARNING * * *
The troll claws you.
* * * LOW HITPOINT WARNING * * *
Unknown command.
Casting: Iskenderun's Mystic Blast
Confirm with . or Enter, or press ? or * to list all spells.
You don't have enough magic to cast that spell.
A troll is nearby!
As you read the scroll labeled NITURY WAYGOS, it crumbles to dust.
The creatures around you are filled with an inner flame!
It was a scroll of immolation.
The troll barely misses you. x2
The troll claws you.
You die...

#....# #.... .
#.... .. #...# ...
##...# .... #....#
..... #....#......
+...@T......
##...##.....
#...#####+###
#...##......##
.##............#
................#
...##...##>......+
.. #...##......##
. .....##......#


You could see a troll (inner flame).

Vanquished Creatures
  An orc priest (D:3)
  Natasha (twice) (D:2)
  2 adders
  An ooze (D:2)
  An adder skeleton (D:4)
  A dart slug (D:1)
  2 leopard geckos
  3 orcs (D:3)
  A ball python (D:1)
  6 bats
  4 giant cockroaches
  4 goblins
  7 hobgoblins
  5 jackals (D:1)
  2 frilled lizards
  8 kobolds
  6 rats
56 creatures vanquished.

Notes
Turn   | Place    | Note
-------+----------+-------------------------------------------
     0 | D:1      | lorenzova the Deep Elf Conjurer began the quest for the Orb.
     0 | D:1      | Reached XP level 1. HP: 10/10 MP: 6/6
   189 | D:1      | Reached XP level 2. HP: 15/15 MP: 1/8
   979 | D:1      | Reached XP level 3. HP: 19/19 MP: 7/10
  1126 | D:1      | Reached skill level 5 in Conjurations
  1362 | D:2      | Found a faded altar of an unknown god.
  1421 | D:2      | Noticed Natasha
  1426 | D:2      | Killed Natasha
  1557 | D:2      | Reached XP level 4. HP: 24/24 MP: 10/12
  1614 | D:2      | Learned a level 4 spell: Iskenderun's Mystic Blast
  1617 | D:2      | Noticed Terence
  1657 | D:2      | Noticed Natasha
  1667 | D:2      | Killed Natasha
  1667 | D:2      | Reached skill level 5 in Spellcasting
  1815 | D:2      | Noticed Sigmund
  2014 | D:3      | Reached XP level 5. HP: 28/28 MP: 4/15
  2655 | D:4      | Noticed a troll
  2655 | D:4      | Reached skill level 6 in Conjurations
  2658 | D:4      | Slain by a troll

Skill      XL: |  1  2  3  4  5 |
---------------+----------------+-----
Spellcasting   | 4 5 |  5.5
Conjurations   | 5 6 |  6.0
Dodging        | |  2.4
Stealth        | |  2.4

Action                   |  1- 3 |  4- 6 || total
-------------------------+-------+-------++-------
 Cast: Magic Dart        |    72 |    44 ||   116
       Iskenderun's Myst |       |     2 ||     2
  Use: Scroll            |       |     1 ||     1
  Eat: Chunk             |     2 |     2 ||     4
Armor: Robe              |       |     1 ||     1
Dodge: Dodged            |     8 |     7 ||    15
